 Dungeon Crawl Stone Soup version 0.17-a0-477-g451446c (webtiles) character file.

49 kroki the Skirmisher (level 3, 0/33 HPs)
             Began as a Minotaur Fire Elementalist on Apr 7, 2015.
             Slain by an adder (2 damage)
             ... on level 2 of the Dungeon.
             The game lasted 00:02:23 (1147 turns).

kroki the Skirmisher (Minotaur Fire Elementalist)   Turns: 1147, Time: 00:02:24

Health: 0/33       AC:  5    Str: 13    XL:     3   Next: 53%
Magic:  4/4        EV: 10    Int: 12    God:
Gold:   55         SH:  0    Dex: 10    Spells: 1 memorised, 3 levels left

rFire  . . .     SeeInvis .     i - +0 mace
rCold  . . .     Clarity  .     k - +0 ring mail
rNeg   . . .     SustAb   .     (no shield)
rPois  .         Gourm    .     (helmet restricted)
rElec  .         Spirit   .     (no cloak)
rCorr  .         Warding  .     (no gloves)
rMut   .         Stasis   .     (no boots)
MR     .....                    j - amulet of inaccuracy (curse)
Stlth  +.........               (no ring)
                                (no ring)

@: lethally poisoned (0 -> -9), not resistant to hostile enchantments, very
unstealthy
A: retaliatory headbutt, horns 2
a: no special abilities


You were on level 2 of the Dungeon.
You were not hungry.

You visited 1 branch of the dungeon, and saw 2 of its levels.

You collected 55 gold pieces.

Inventory:

Hand weapons
 f - a +0 spear
   (You found it on level 1 of the Dungeon)
 g - a +0 club
   (You took it off a hobgoblin on level 1 of the Dungeon)
 h - a +0 whip
   (You took it off a kobold on level 1 of the Dungeon)
 i - a +0 mace (weapon)
   (You found it on level 2 of the Dungeon)
Armour
 a - a +0 robe
 k - a +0 ring mail (worn)
   (You found it on level 2 of the Dungeon)
Jewellery
 d - an uncursed ring of loudness
   (You found it on level 1 of the Dungeon)
 j - a cursed amulet of inaccuracy (around neck)
   (You found it on level 1 of the Dungeon)
Scrolls
 e - 2 scrolls of identify
Books
 b - a book of Flames

   Spells                             Type                      Level
   a - Flame Tongue                   Conjuration/Fire             1
   b - Throw Flame                    Conjuration/Fire             2
   c - Conjure Flame                  Conjuration/Fire             3
   d - Inner Flame                    Hexes/Fire                   3
   e - Sticky Flame                   Conjuration/Fire             4
   f - Fireball                       Conjuration/Fire             5
Comestibles
 c - a bread ration


   Skills:
 + Level 3.9 Fighting
 - Level 2.1 Dodging
 - Level 1.5 Stealth
 - Level 1.3 Spellcasting
 - Level 0.6 Conjurations
 - Level 2.1 Fire Magic


You had 3 spell levels left.
You knew the following spells:

 Your Spells              Type           Power        Failure   Level  Hunger
a - Flame Tongue          Conj/Fire      #....        38%         1    ##.....


Dungeon Overview and Level Annotations

Branches:
Dungeon (2/15)

Altars:
Qazlal


Innate Abilities, Weirdness & Mutations

You reflexively headbutt those who attack you in melee.
You have a pair of horns on your head.


Message History

No target in view!
No target in view!
You feel sick.
You see here an adder corpse.
You start resting.
You feel sick. x4
An adder is nearby!
An adder is nearby!
An adder is nearby!
You feel sick.
You start resting.
You feel sick.
You are no longer poisoned.
You start resting.
You closely miss the adder. Your headbutt misses the adder.
The adder closely misses you. The adder bites you.
You are poisoned.
The adder poisons you!
You barely miss the adder.
You feel sick. The adder bites you. The adder bites you but does no damage.
You hit the adder.
The adder is moderately wounded.
The adder bites you.
You are more poisoned.
The adder poisons you! The adder bites you but does no damage.
You closely miss the adder. Your headbutt misses the adder.
The adder is moderately wounded.
You feel sick. The adder bites you.
You are more poisoned.
The adder poisons you!
You hit the adder. Your headbutt misses the adder.
The adder is heavily wounded.
You feel sick. The adder bites you. The adder bites you.
You are more poisoned.
The adder poisons you!
You miss the adder.
The adder is heavily wounded.
You feel sick. The adder bites you but does no damage. The adder bites you.
You are lethally poisoned!
The adder poisons you!
You closely miss the adder.
The adder is heavily wounded.
You feel sick. The adder bites you.
* * * LOW HITPOINT WARNING * * *
The adder bites you but does no damage.
You miss the adder.
The adder is heavily wounded.
* * * LOW HITPOINT WARNING * * *
You feel sick. The adder misses you. The adder bites you.
* * * LOW HITPOINT WARNING * * *
You hit the adder. Your headbutt misses the adder.
The adder is almost dead.
* * * LOW HITPOINT WARNING * * *
You feel sick. The adder closely misses you.
You closely miss the adder.
The adder is almost dead.
* * * LOW HITPOINT WARNING * * *
You feel sick. The adder bites you but does no damage.
The adder bites you but does no damage.
You closely miss the adder.
The adder is almost dead.
* * * LOW HITPOINT WARNING * * *
You feel sick. The adder closely misses you. The adder bites you.
You die...

... #.# ###.# .....# #.# #...#
.....## #.# ##.#.# .##.....## #.#
# ._..####### ##.......>..# #.#
#.#.#........ ....>....... #.#
#.#(......... ...##...... #.#
#............#
..###.#...#####.######.<........#
$...............@...............#
..###.##.######S######..........
..###.##.###....%...##....).....
....#.##..##........##.(........
#..........#........###.#######
##.....<............# #.#
##....)(........$......#
##.....(.(####.....##.#
##........## ..######.#


You could see an adder.

Vanquished Creatures
  2 adders (D:2)
  A worm (D:1)
  6 bats (D:1)
  3 giant cockroaches (D:1)
  2 goblins (D:1)
  4 hobgoblins
  2 jackals (D:1)
  3 kobolds
  2 giant newts (D:1)
  2 rats (D:1)
27 creatures vanquished.

Notes
Turn   | Place    | Note
--------------------------------------------------------------
     0 | D:1      | kroki, the Minotaur Fire Elementalist, began the quest for the Orb.
     0 | D:1      | Reached XP level 1. HP: 14/14 MP: 1/1
    65 | D:1      | Reached skill level 1 in Fighting
   357 | D:1      | Reached skill level 2 in Fighting
   461 | D:1      | Reached XP level 2. HP: 24/24 MP: 3/3
   724 | D:1      | Reached skill level 3 in Fighting
   983 | D:1      | Reached XP level 3. HP: 23/31 MP: 4/4
  1072 | D:2      | Found a stormy altar of Qazlal.
  1147 | D:2      | Slain by an adder

Action                   || total
-------------------------++-------
Melee: Whip              ||    51
       Unarmed           ||    11
       Mace              ||    33
  Use: Scroll            ||     4
 Stab: Sleeping          ||     1
  Eat: Chunk             ||     1
